 Dungeon Crawl Stone Soup version 0.31-a0-188-g5e087ee2ca (webtiles) character file.

Game seed: 9881625824936691796

52 qw the Shooter (level 3, -5/20 HPs)
             Began as a Deep Elf Hunter on June 22, 2023.
             Slain by a worm (6 damage)
             ... on level 1 of the Dungeon.
             The game lasted 00:00:26 (977 turns).

qw the Shooter (Deep Elf Hunter)                     Turns: 977, Time: 00:00:27

Health: -5/20      AC:  7    Str: 10    XL:     3   Next: 60%
Magic:  5/5        EV:  9    Int: 13    God:
Gold:   59         SH:  0    Dex: 18    Spells: 2/2 levels left

rFire   . . .        Y - +1 shortbow
rCold   . . .        (shield currently unavailable)
rNeg    . . .        e - +0 scale mail
rPois   .            (no helmet)
rElec   .            (no cloak)
rCorr   .            (no gloves)
SInv    .            d - +0 pair of boots
Will    .....        (no amulet)
Stlth   +            (no ring)
HPRegen 0.23/turn    (no ring)
MPRegen 0.09/turn

%: no passive effects
@: no status effects
A: no striking features
a: no special abilities


You were on level 1 of the Dungeon.
You visited 1 branch of the dungeon, and saw 2 of its levels.

You collected 59 gold pieces.


   Skills:
 - Level 1.5 Fighting
 + Level 7.1 Ranged Weapons
 - Level 2.4 Dodging
 - Level 1.2 Stealth


You had 2 spell levels left.
You didn't know any spells.
Your spell library was empty.

Inventory:

Hand Weapons
 Y - a +1 shortbow (weapon)
Armour
 d - a +0 pair of boots (worn)
 e - a +0 scale mail (worn)
Potions
 j - a potion of cancellation {unknown}

Dungeon Overview and Level Annotations

Branches:
Dungeon (2/15)

Altars:

Annotations:
D:2 Natasha


Message History

Things that are here:
a +0 dagger; a stone
There is a stone staircase leading down here.
You climb downwards.
The adder hisses angrily.
You hear a shout! x2
Found a stone staircase leading down.
There is a stone staircase leading up here.
There are monsters nearby!
Waypoint 1 assigned to D:2.
You shoot an arrow. The arrow hits the adder.
The adder is heavily wounded.
The adder closely misses you.
You shoot an arrow. The arrow hits the adder.
You kill the adder!
Natasha mumbles some strange words.
The worm closely misses you. The gnoll hits you with a +0 whip.
Your Ranged Weapons skill increases to level 7!
972 ||| STAIRDANCE The gnoll hits you with a +0 whip.
The worm bites you but does no damage.
You climb upwards.
There is a stone staircase leading down here.
Enter note:
Enter note:
Enter note:
Enter note:
Enter note:
Enter note: You shoot an arrow.
The arrow hits the gnoll.
The gnoll is lightly wounded.
The gnoll hits you with a +0 whip. The worm bites you!
The gnoll hits you with a +0 whip.
You shoot an arrow. The arrow hits the gnoll.
The gnoll is lightly wounded.
The gnoll hits you with a +0 whip.
You shoot an arrow. The arrow hits the gnoll.
The gnoll is severely wounded.
The worm bites you but does no damage. The gnoll barely misses you.
You shoot an arrow. The arrow hits the gnoll.
You kill the gnoll!
The worm bites you.
You die...

#####....................
###....................
#......................
#...........###.###....
#........#### #.# ##..#
##..#.##.# #.####..#
############..#.##.# #........
#..............w##.######.####..#
############...#@...............#
#...#)#.######........
#.).#.#.### #.........
#########.....#.#.###....##...
#......?.............)........
###.......###.#...............
#######.###.#...###.#..##...
#...........+...+......##...
#....##'##..#...###.#.......


You could see a worm.

Vanquished Creatures
  An adder (D:2)
  A gnoll (D:1)
  A dart slug (D:1)
  4 endoplasms (D:1)
  2 giant cockroaches (D:1)
  4 goblins (D:1)
  7 hobgoblins (D:1)
  4 jackals (D:1)
  5 kobolds (D:1)
  A ball python (D:1)
  A bat (D:1)
  2 frilled lizards (D:1)
  5 rats (D:1)
38 creatures vanquished.

Notes
Turn   | Place    | Note
-------+----------+-------------------------------------------
     0 | D:1      | qw the Deep Elf Hunter began the quest for the Orb.
     0 | D:1      | Reached XP level 1. HP: 12/12 MP: 3/3
     0 | D:1      | 0 ||| qw: Version: 0.3-a-9-g12657ce
     0 | D:1      | 0 ||| qw: Game counter: 2732
     0 | D:1      | 0 ||| qw: Always use a shield: true
     0 | D:1      | 0 ||| qw: God list: Okawaru
     0 | D:1      | 0 ||| qw: Allow faded altars: false
     0 | D:1      | 0 ||| qw: Do Orc after D:15 true
     0 | D:1      | 0 ||| qw: Do second Lair branch before Depths: true
     0 | D:1      | 0 ||| qw: Lair rune preference: random
     0 | D:1      | 0 ||| qw: Plans: Normal
     0 | D:1      | 0 ||| PLANNING D:1-11
     6 | D:1      | Noticed a black bear
     6 | D:1      | Noticed an anaconda
     6 | D:1      | Noticed a lindwurm
     7 | D:1      | Noticed a rime drake
     7 | D:1      | Noticed a komodo dragon
   105 | D:1      | 105 ||| FLEEEEING.
   107 | D:1      | 107 ||| FLEEEEING.
   108 | D:1      | 108 ||| FLEEEEING.
   109 | D:1      | 109 ||| FLEEEEING.
   110 | D:1      | 110 ||| FLEEEEING.
   111 | D:1      | 111 ||| FLEEEEING.
   133 | D:1      | Reached XP level 2. HP: 16/16 MP: 4/4
   183 | D:1      | Reached skill level 6 in Ranged Weapons
   203 | D:1      | 203 ||| FLEEEEING.
   371 | D:1      | Reached XP level 3. HP: 20/20 MP: 5/5
   939 | D:1      | 939 ||| UPGRADING to +0 pair of boots.
   944 | D:1      | 944 ||| UPGRADING to +0 scale mail.
   954 | D:1      | 954 ||| DROPPING +0 leather armour.
   955 | D:1      | 955 ||| READING scroll labelled YMIFONN DEORCH.
   956 | D:1      | 956 ||| READING scroll labelled VEOSUA IROKUB.
   957 | D:1      | 957 ||| READING scroll labelled FOISHO WALA.
   958 | D:1      | 958 ||| READING scroll labelled PEIXUS CEFADA.
   959 | D:1      | 959 ||| READING scroll labelled VAUMEV JECLIBB.
   960 | D:1      | 960 ||| DROPPING scroll of butterflies.
   969 | D:2      | Noticed Natasha
   972 | D:2      | Reached skill level 7 in Ranged Weapons
   972 | D:2      | 972 ||| STAIRDANCE
   974 | D:1      | HP: 5/20 [worm (7)]
   974 | D:1      | HP: 1/20 [gnoll/+0 whip (4)]
   977 | D:1      | Slain by a worm

Levels and vault maps discovered:
D:1:      onia_arrival_zoo_common, layout_basic
D:2:      layout_basic, basic_altar, uniq_natasha

Skill      XL: |  1  2  3 |
---------------+----------+-----
Ranged Weapons | 6 7 |  7.1
Fighting       | |  1.5
Dodging        | |  2.4
Stealth        | |  1.2

Action                     || total
---------------------------++-------
   Fire: Shortbow          ||   110
    Use: Scroll            ||     5
 Armour: Leather armour    ||    12
         Scale mail        ||     2
  Dodge: Dodged            ||    32

Table legend:
 A = Non-vault XP
 B = Vault XP
 C = Vault XP percentage of total XP
 D = Non-vault monster count
 E = Vault monster count
 F = Vault count percentage of total count
                 A         B        C        D         E       F
            +---------+---------+-------+---------+---------+-------
      Total |      89 |       0 |   0.0 |      38 |       0 |   0.0
            +---------+---------+-------+---------+---------+-------
        D:1 |      75 |       0 |   0.0 |      37 |       0 |   0.0
        D:2 |      14 |       0 |   0.0 |       1 |       0 |   0.0
            +---------+---------+-------+---------+---------+-------
